 Dungeon Crawl Stone Soup version 0.28-a0-1348-g050f3537b9 (webtiles) character file.

Game seed: 1048513956576557178

284 Deminshera the Shooter (level 6, -1/40 HPs)
             Began as a Deep Elf Hunter on Dec 30, 2021.
             Was an Initiate of Hepliaklqana.
             Slain by an iguana (7 damage)
             ... on level 5 of the Dungeon.
             The game lasted 00:04:53 (2993 turns).

Deminshera the Shooter (Deep Elf Hunter)            Turns: 2993, Time: 00:04:55

Health: -1/40      AC:  5    Str: 11    XL:     6   Next: 7%
Magic:  8/8        EV: 11    Int: 16    God:    Hepliaklqana [......]
Gold:   119        SH:  0    Dex: 15    Spells: 5/5 levels left

rFire   . . .      SeeInvis .   a - +1 shortbow
rCold   . . .      Faith    .   (shield currently unavailable)
rNeg    . . .      Spirit   .   k - +0 ring mail
rPois   .          Reflect  .   (no helmet)
rElec   .          Harm     .   (no cloak)
rCorr   .          Rampage  .   (no gloves)
Will    .....                   (no boots)
Stlth   ++........              e - amulet of the acrobat
HPRegen 0.13/turn               (no ring)
MPRegen 0.11/turn               (no ring)

@: no status effects
A: no striking features
a: Renounce Religion


You were on level 5 of the Dungeon.
You worshipped Hepliaklqana.
Hepliaklqana was noncommittal.
You visited 1 branch of the dungeon, and saw 5 of its levels.

You collected 119 gold pieces.

Inventory:

Hand Weapons
 a - a +1 shortbow (weapon)
 b - a +0 short sword
Missiles
 d - 9 arrows (quivered ammo)
Armour
 k - a +0 ring mail (worn)
Jewellery
 e - an amulet of the acrobat (around neck)
 j - a ring of fire
Wands
 q - a wand of mindburst (9)
Scrolls
 h - a scroll of fog {unknown}
 i - 2 scrolls of magic mapping {unknown}
 l - a scroll of torment {unknown}
 m - a scroll of identify {unknown}
 n - a scroll of blinking {unknown}
 r - a scroll of teleportation {unknown}
 s - a scroll of noise {unknown}
Potions
 c - a potion of might {unknown}
 f - a potion of berserk rage {unknown}
 g - a potion of flight {unknown}
 o - 2 potions of mutation {unknown}
 p - a potion of haste {unknown}


   Skills:
 + Level 5.0 Fighting
 - Level 5.3 Bows
 - Level 2.4 Dodging
 - Level 3.0 Stealth


You had 5 spell levels left.
You didn't know any spells.
Your spell library contained the following spells:

 Spells                   Type           Power      Damage    Failure   Level
 Dazzling Flash           Conj/Hex       0%         N/A       88%         3
 Agony                    Necr           0%         N/A       100%        5
 Silence                  Hex/Air        0%         N/A       100%        5


Dungeon Overview and Level Annotations

Branches:
Dungeon (6/15)             Temple (0/1) D:5

Altars:
Hepliaklqana
Xom


Message History

You shoot an arrow. The arrow closely misses the iguana.
The iguana bites you.
* * * LOW HITPOINT WARNING * * *
Fire: 15 arrows
Press: ? - help, Q - select action, (/) - cycle Shift-Dir - straight line, f/p - iguana
Aim: an iguana (severely wounded, 68% to hit)
You shoot an arrow. The arrow barely misses the iguana.
The iguana barely misses you.
Fire: 14 arrows
Press: ? - help, Q - select action, (/) - cycle Shift-Dir - straight line, f/p - iguana
Aim: an iguana (severely wounded, 68% to hit)
You shoot an arrow. The arrow barely misses the iguana.
The iguana bites you.
* * * LOW HITPOINT WARNING * * *
Fire: 13 arrows
Press: ? - help, Q - select action, (/) - cycle Shift-Dir - straight line, f/p - iguana
Aim: an iguana (severely wounded, 68% to hit)
You shoot an arrow. The arrow completely misses the iguana.
The iguana barely misses you.
Fire: 12 arrows
Press: ? - help, Q - select action, (/) - cycle Shift-Dir - straight line, f/p - iguana
Aim: an iguana (severely wounded, 68% to hit)
You shoot an arrow.
The arrow hits the iguana but does no damage.
The iguana is severely wounded.
The iguana bites you but does no damage.
Fire: 11 arrows
Press: ? - help, Q - select action, (/) - cycle Shift-Dir - straight line, f/p - iguana
Aim: an iguana (severely wounded, 68% to hit)
You shoot an arrow.
The arrow hits the iguana but does no damage.
The iguana is severely wounded.
The iguana barely misses you.
Fire: 10 arrows
Press: ? - help, Q - select action, (/) - cycle Shift-Dir - straight line, f/p - iguana
Aim: an iguana (severely wounded, 68% to hit)
You shoot an arrow. The arrow hits the iguana.
The iguana is almost dead.
The iguana bites you!
You die...

##############
#........(...#
#.##########.#
####.##### #.#
#........######.####
#.##.###.........)..
# #@..##........####
#..l#......####.##
#.#(..###........#
#.##(## #.#####..# #
(# #. #..# (#
#..####..## ..
.........# .#
#.#####..# #..#


You could see an iguana.

Vanquished Creatures
  An ogre (D:5)
  A jelly (D:5)
  A gnoll shaman (D:5)
  Terence (D:2)
  4 gnolls (D:5)
  3 adders (D:3)
  A worm (D:2)
  2 dart slugs
  6 bats
  6 endoplasms
  3 giant cockroaches
  2 goblins
  A hobgoblin (D:2)
  4 jackals (D:1)
  2 quokkas (D:1)
  2 ball pythons
  2 frilled lizards
  6 kobolds
  2 rats (D:1)
50 creatures vanquished.

Vanquished Creatures (others)
  A plant (D:3)
1 creature vanquished.

Grand Total: 51 creatures vanquished

Notes
Turn   | Place    | Note
-------+----------+-------------------------------------------
     0 | D:1      | Deminshera the Deep Elf Hunter began the quest for the Orb.
     0 | D:1      | Reached XP level 1. HP: 12/12 MP: 3/3
    55 | D:1      | Found a faded altar of an unknown god.
   288 | D:1      | Reached XP level 2. HP: 12/17 MP: 4/4
  1277 | D:2      | Reached XP level 3. HP: 21/21 MP: 5/5
  1342 | D:2      | Noticed Terence
  1378 | D:2      | Killed Terence
  1673 | D:2      | Reached XP level 4. HP: 28/28 MP: 6/6
  2151 | D:3      | Found a hazy altar of Hepliaklqana.
  2163 | D:3      | Became a worshipper of Hepliaklqana the Forgotten
  2364 | D:3      | Found a shimmering altar of Xom.
  2451 | D:3      | You fall into a shaft and drop 3 floors!
  2489 | D:5      | Entered Level 5 of the Dungeon
  2579 | D:5      | Found a staircase to the Ecumenical Temple.
  2611 | D:5      | Noticed a black bear
  2663 | D:5      | Noticed an ogre
  2685 | D:5      | Killed an ogre
  2686 | D:5      | Reached XP level 5. HP: 24/34 MP: 7/7
  2961 | D:5      | Reached skill level 5 in Fighting
  2961 | D:5      | Reached XP level 6. HP: 40/40 MP: 8/8
  2993 | D:5      | Slain by an iguana

Illustrated notes

Levels and vault maps discovered:
D:1:      eino_arrival_tree_alley, layout_loops_corners,
          hellmonk_ecumenical_altar_pennies_from_heaven, serial_park_tiny_pond,
          minmay_misc_feat_more_columns
D:2:      layout_basic, serial_rivers, chequers_serial_rivers_small_a,
          chequers_serial_rivers_micro_e, chequers_serial_rivers_micro_d,
          chequers_serial_rivers_marsh, chequers_serial_rivers_room_a,
          chequers_serial_rivers_micro_d, uniq_terence
D:3:      layout_loops_corners, nicolae_hepliaklqana_hazy_memory,
          mainiacjoe_overflow_24_doors
D:5:      cheibrodos_barr_body, layout_loops_ring,
          gammafunk_temple_overflow_wave, minmay_temple_entry_glass
D:6:      layout_basic, makhleb_heckhound_becter

Skill      XL: |  1  2  3  4  5 |
---------------+----------------+-----
Stealth        | 2 3 |  3.0
Fighting       | 2 3 4 5 |  5.0
Bows           | |  5.3
Dodging        | |  2.4

Action                   |  1- 3 |  4- 6 || total
-------------------------+-------+-------++-------
Melee: Short sword       |     1 |       ||     1
 Fire: Shortbow          |    93 |    57 ||   150
Evoke: Wand              |       |     8 ||     8
Armor: Leather armour    |     5 |       ||     5
       Ring mail         |       |     3 ||     3
Dodge: Dodged            |    21 |    13 ||    34

Table legend: (Time is in decaauts)
 A = Elapsed time spent in this place.
 B = Non-inter-level travel time spent in this place.
 C = Inter-level travel time spent in this place.
 D = Time resting spent in this place.
 E = Time spent auto-exploring this place.
 F = Levels seen in this place.
 G = Mean time per level.
                   A        B        C        D        E       F      G
               +--------+--------+--------+--------+--------+-----+--------+
         Total |   3003 |   2894 |    109 |    292 |   2101 |   5 |  600.6 |
       Dungeon |   3003 |   2894 |    109 |    292 |   2101 |   5 |  600.6 |
               +--------+--------+--------+--------+--------+-----+--------+

Top non-repeatable levels by time:
     D:1: 1230 daAuts
     D:2: 752 daAuts
     D:5: 505 daAuts
     D:3: 476 daAuts
     D:6: 37 daAuts
